Map: Terrasses de Prion

Players

zidar

  • Race: Zerg Zerg
  • League: Silver
  • Spawn Location: 11:00

radar - Winner!

  • Race: Zerg Zerg
  • League: Silver
  • Spawn Location: 5:00

VOD

Have the link to the VOD?

Description

Time

  • Played on: Feb. 5, 2016, 7:11 a.m.
  • Length: 12:22
Show
View Real Time Build Order
Export as new Build Order

zidar Zerg 

Build Orders: Pool First 

Get SALT Encoding   

  12  0:02  Drone  
  13  0:12  Overlord  
  13  0:17  Drone  
  14  0:30  Drone x2  
  16  0:36  Drone  
  17  0:46  Spawning Pool  
  17  0:49  Drone  
  17  1:12  Hatchery  
  17  1:15  Drone  
  17  1:19  Extractor  
  17  1:20  Drone  
  16  1:34  Zergling x2  
  16  1:35  Zergling x2  
  18  1:42  Spine Crawler  
  18  1:46  Spine Crawler  
  16  1:54  Queen  
  16  2:00  Zergling x2  
  16  2:01  Zergling x2  
  17  2:30  Zergling x2  
  17  2:31  Zergling x4  
  20  2:48  Roach Warren  
  20  2:51  Zergling x2  
  20  3:29  Roach  
  20  3:33  Overlord  
  20  3:34  Overlord x2  
  18  4:11  Hatchery  
  18  4:16  Roach  
  19  4:17  Roach x5  
  29  4:33  Roach  
  29  5:33  Roach  
  29  5:34  Roach x5  
  31  6:04  Roach  
  31  6:05  Roach x2  
  31  6:11  Queen  
  33  6:12  Drone x3  
  38  6:24  Evolution Chamber  
  25  6:52  Drone x3  
  28  7:02  Extractor  
  28  7:03  Lair  
  27  7:10  Extractor  
  27  7:12  Extractor  
  25  7:17  Drone  
  25  7:18  Drone x10  
  36  7:42  Drone x2  
  36  7:43  Drone x3  
  41  7:52  Drone  
  41  7:53  Drone x3  
  45  8:05  Spire  
  44  8:18  Overlord x2  
  44  9:05  Overlord  
  44  9:16  Mutalisk x2  
  44  9:17  Mutalisk x9  
  60  10:11  Mutalisk  
  60  10:12  Mutalisk x3  
  60  10:13  Mutalisk  
  68  10:17  Mutalisk  
  66  10:22  Mutalisk  
  59  11:04  Drone x13  
  59  11:10  Overlord x2  
  68  11:27  Queen  
Show
View Real Time Build Order
Export as new Build Order

radar Zerg - Winner!

Build Orders: Pool First 

Get SALT Encoding   

  12  0:02  Drone  
  13  0:10  Drone  
  14  0:27  Spawning Pool  
  13  0:33  Overlord  
  13  0:41  Drone  
  14  1:13  Queen  
  14  1:15  Zergling x6  
  19  1:29  Zergling x2  
  20  1:40  Zergling x2  
  21  1:48  Zergling x2  
  14  2:44  Drone  
  14  2:45  Drone x5  
  20  2:53  Extractor  
  19  3:04  Drone  
  20  3:19  Zergling x2  
  22  3:20  Zergling x2  
  22  3:24  Spine Crawler  
  20  3:30  Zergling x4  
  22  3:44  Overlord  
  21  4:06  Metabolic Boost  
  21  4:14  Drone  
  22  4:19  Hatchery, Drone  
  22  4:21  Drone  
  22  4:24  Drone  
  24  4:28  Drone  
  25  4:45  Zergling x6  
  28  4:46  Baneling Nest  
  27  4:59  Zergling x6  
  30  5:22  Roach Warren  
  23  5:38  Zergling x4  
  23  5:39  Zergling x4  
  24  5:46  Zergling x2  
  25  6:08  Drone x2  
  25  6:09  Drone x2  
  28  6:15  Roach x4  
  36  6:20  Spine Crawler  
  36  6:23  Overlord  
  35  6:32  Zergling x2  
  36  6:40  Queen  
  36  6:46  Drone x4  
  41  6:51  Drone x2  
  41  6:52  Drone  
  44  7:00  Lair, Evolution Chamber  
  43  7:02  Drone  
  43  7:05  Overlord  
  44  7:20  Overlord x2  
  44  7:25  Drone  
  44  7:27  Drone  
  50  7:30  Roach x3  
  50  7:34  Overlord  
  50  7:35  Overlord  
  52  7:37  Extractor  
  52  7:38  Extractor  
  52  7:41  Drone  
  51  7:45  Zerg Missile Weapons Level 1  
  51  7:54  Roach  
  51  7:55  Roach x3  
  59  8:07  Drone  
  59  8:09  Drone x5  
  59  8:10  Drone  
  66  8:30  Roach  
  66  8:31  Roach x3  
  74  8:37  Overlord x2  
  74  8:41  Overseer  
  74  8:49  Roach x2  
  74  8:50  Roach x3  
  84  8:57  Ravager x2  
  84  8:59  Ravager  
  84  9:00  Zergling x6  
  90  9:21  Hatchery  
  89  9:24  Drone  
  89  9:25  Drone x7  
  89  10:01  Zergling x2  
  89  10:02  Zergling x14  
  88  10:10  Spore Crawler x2  
  88  10:12  Spore Crawler  
  81  10:15  Spore Crawler  
  81  10:17  Hydralisk Den  
  63  10:34  Roach  
  63  10:35  Roach x5  
  58  10:54  Hydralisk  
  58  10:55  Hydralisk x9  
  75  11:06  Overlord  
  73  11:12  Spore Crawler  
  73  11:17  Zergling x8  
  73  11:18  Zergling x4  
  57  11:35  Hydralisk x4  
  57  11:36  Hydralisk x3  
Tags
 
Add a new tag
Caveats
  • Supply blocks, unpowered buildings, or Contaminate may cause inaccurate times.
  • Supply counts are checked every 10 seconds.